 Dungeon Crawl Stone Soup version 0.30-a0-782-ge64f9170bb (webtiles) character file.

Game seed: 7447609326707914680

266 Dirtsage the Chopper (level 6, 37/47 HPs)
             Began as a Demonspawn Fighter on Mar 13, 2023.
             Was a Follower of Makhleb.
             Quit the game on level 4 of the Dungeon.
             The game lasted 00:04:44 (2939 turns).

Dirtsage the Chopper (Demonspawn Fighter)           Turns: 2939, Time: 00:04:45

Health: 37/47      AC:  7    Str: 19    XL:     6   Next: 0%
Magic:  6/6        EV:  9    Int: 11    God:    Makhleb [*.....]
Gold:   188        SH:  4    Dex: 12    Spells: 5/5 levels left

rFire   . . .      SeeInvis .    t - +3 hand axe
rCold   . . .      Faith    .    c - +0 buckler
rNeg    + . .      Spirit   .    b - +0 scale mail
rPois   +          Reflect  .    (no helmet)
rElec   .          Harm     .    (no cloak)
rCorr   .          Rampage  .    o - +0 pair of gloves
Will    .....                    (no boots) Stlth
                                 (no amulet)
HPRegen 0.27/turn                P - ring of poison resistance
MPRegen 0.10/turn                N - ring of positive energy

@: no status effects
A: spiny 1, big brain 1, weakness stinger 1
a: Renounce Religion


You were on level 4 of the Dungeon.
You worshipped Makhleb.
Makhleb was aware of your devotion.
You visited 1 branch of the dungeon, and saw 4 of its levels.

You collected 188 gold pieces.

Inventory:

Hand Weapons
 a - a +0 war axe
 t - a +3 hand axe (weapon)
Armour
 b - a +0 scale mail (worn)
 c - a +0 buckler (worn)
 o - a +0 pair of gloves (worn)
Jewellery
 N - a ring of positive energy (right hand)
 P - a ring of poison resistance (left hand)
Scrolls
 e - 3 scrolls of teleportation {unknown}
 f - a scroll of fear {unknown}
 i - 2 scrolls of blinking {unknown}
 j - 2 scrolls of noise {unknown}
 k - a scroll of poison {unknown}
 n - a scroll of enchant weapon {unknown}
 p - 2 scrolls of identify {unknown}
 s - 2 scrolls of vulnerability {unknown}
 u - a scroll of summoning {unknown}
 w - a scroll of brand weapon {unknown}
Potions
 d - 3 potions of might
 g - 3 potions of attraction {unknown}
 h - 2 potions of curing {unknown}
 l - a potion of invisibility {unknown}
 m - a potion of degeneration {unknown}
 q - a potion of resistance {unknown}
 r - a potion of lignification {unknown}
 v - a potion of mutation {unknown}
 x - a potion of flight {unknown}


   Skills:
 - Level 3.0 Fighting
 + Level 5.8 Axes
 - Level 2.6 Armour
 - Level 2.6 Shields


You had 5 spell levels left.
You didn't know any spells.
Your spell library was empty.

Dungeon Overview and Level Annotations

Branches:
Dungeon (4/15)
 Temple: D:4-7

Altars:
Ashenzari
Makhleb

Annotations:
D:4 1 runed translucent door, Crazy Yiuf


Innate Abilities, Weirdness & Mutations

You are partially covered in sharp spines.
You have an unusually large brain. (Int +2)
You have a small tail.


Message History

You hit the jelly.
You kill the jelly!
Makhleb accepts your kill.
No target in view!
You are no longer corroded.
There is a stone staircase leading up here.
You hear the quick hiss of a distant avalanche of sand.
An iguana comes into view.
The iguana hisses angrily.
Health restored: 41 The iguana barely misses you.
You closely miss the iguana. You block the iguana's attack.
You barely miss the iguana.
The iguana bites you but does no damage.
You hit the iguana but do no damage. You tail-slap the iguana.
The iguana is lightly wounded.
You block the iguana's attack.
You closely miss the iguana.
Your tail-slap misses the iguana.
The iguana is lightly wounded.
The iguana barely misses you.
You barely miss the iguana. You tail-slap the iguana.
The iguana is heavily wounded.
The iguana bites you.
You take 5 damage, and have 36/41 hp.
You completely miss the iguana.
The iguana is heavily wounded.
The iguana bites you.
You take 5 damage, and have 31/41 hp.
You hit the iguana but do no damage.
The iguana is heavily wounded.
The iguana barely misses you.
You slash the iguana! You tail-slap the iguana.
You kill the iguana!
Makhleb accepts your kill.
You have reached level 6!
Your demonic ancestry asserts itself...
Sharp spines emerge from parts of your body.
You regained 5 hp, and now have 37/47 hp.
MP restored: 6 Are you sure you want to abandon this character and quit the game? (Confirm with "yes".)

#### ... #..## #....
#...# #...# #.†# ##
#.@# #######. #..#
........
#..###############.
##.......<.# #)
#......###.########)
#..#...###..........
#.......##..#######.
#..##.#.##..# #.
.....
#.#.##..#######.


There were no monsters in sight!

Vanquished Creatures
  A hound (D:4)
  A jelly (D:4)
  An iguana (D:4)
  2 orc wizards
  4 adders
  A worm (D:4)
  2 dart slugs
  12 orcs
  5 ball pythons
  3 endoplasms
  4 giant cockroaches
  12 goblins
  2 hobgoblins
  4 jackals (D:4)
  7 kobolds
  5 quokkas
  4 bats
  A frilled lizard (D:1)
  6 rats
77 creatures vanquished.

Vanquished Creatures (others)
  A minotaur (D:1)
  An octopode (D:1)
  2 vine stalkers (D:1)
  A merfolk (D:1)
  A formicid (D:1)
  2 humans (D:1)
  A demigod (D:1)
  A dwarf (D:1)
  A gnoll (D:1)
  An orc (D:1)
  20 plants (D:2)
  5 tentacles (D:1)
37 creatures vanquished.

Grand Total: 114 creatures vanquished

Notes
Turn   | Place    | Note
-------+----------+-------------------------------------------
     0 | D:1      | Dirtsage the Demonspawn Fighter began the quest for the
                  | Orb.
     0 | D:1      | Reached XP level 1. HP: 18/18 MP: 1/1
     0 | D:1      | Noticed an octopode
     0 | D:1      | Noticed a minotaur
     0 | D:1      | Noticed a vine stalker
     0 | D:1      | Noticed a merfolk
     0 | D:1      | Noticed a formicid
     0 | D:1      | Noticed a human
     0 | D:1      | Noticed a kraken
     0 | D:1      | Noticed a dwarf
     0 | D:1      | Noticed a human
     0 | D:1      | Noticed a demigod
     0 | D:1      | Noticed a vine stalker
     3 | D:1      | Killed a formicid
     3 | D:1      | Killed an octopode
     4 | D:1      | Killed a human
     4 | D:1      | Killed a merfolk
     5 | D:1      | Killed a demigod
     6 | D:1      | Killed a human
     7 | D:1      | Killed a vine stalker
     8 | D:1      | Killed a vine stalker
     8 | D:1      | Killed a dwarf
     9 | D:1      | Killed a minotaur
    40 | D:1      | Reached skill level 2 in Axes
   173 | D:1      | Gained mutation: You have a small tail. [demonic ancestry]
   173 | D:1      | Reached XP level 2. HP: 24/24 MP: 2/2
   534 | D:1      | Reached skill level 3 in Axes
  1018 | D:2      | Reached XP level 3. HP: 29/29 MP: 3/3
  1700 | D:3      | Reached XP level 4. HP: 16/35 MP: 4/4
  1701 | D:3      | Reached skill level 4 in Axes
  1828 | D:3      | Found a burning altar of Makhleb.
  1857 | D:3      | Became a worshipper of Makhleb the Destroyer
  2408 | D:4      | Gained mutation: You have an unusually large brain. (Int
                  | +2) [demonic ancestry]
  2408 | D:4      | Reached XP level 5. HP: 33/41 MP: 5/5
  2488 | D:4      | Reached skill level 5 in Axes
  2540 | D:4      | Found a broken altar of Ashenzari.
  2687 | D:4      | Found a runed translucent door.
  2688 | D:4      | Noticed Crazy Yiuf
  2831 | D:4      | Reached * piety under Makhleb
  2939 | D:4      | Gained mutation: You are partially covered in sharp spines.
                  | [demonic ancestry]
  2939 | D:4      | Reached XP level 6. HP: 37/47 MP: 6/6
  2939 | D:4      | Quit the game

Illustrated notes

Levels and vault maps discovered:
D:1:      nicolae_arrival_kraken_aquarium_a, layout_basic
D:2:      layout_rooms, hex_tiny, serial_bayou_lagoon_a,
          amcnicky_mini_rare_corridor_liquid
D:3:      layout_basic, lemuel_tele_altar
D:4:      layout_loops_ring, nicolae_overflow_crystal_walls,
          mainiacjoe_overflow_surrounded_room, mainiacjoe_overflow_catwalk,
          nicolae_ossuary_entry_giza, uniq_crazy_yiuf_cottage

Skill      XL: |  1  2  3  4  5 |
---------------+----------------+-----
Axes           | 2 3 4 5 |  5.8
Fighting       | |  3.0
Armour         | |  2.6
Shields        | |  2.6

Action                     |  1- 3 |  4- 6 || total
---------------------------+-------+-------++-------
  Melee: War axe           |    91 |     4 ||    95
         Tailslap          |     4 |    10 ||    14
         Hand axe          |       |    91 ||    91
 Armour: Scale mail        |    53 |    27 ||    80
  Dodge: Dodged            |    27 |    42 ||    69
  Block: Buckler           |    20 |    18 ||    38

Table legend: (Time is in decaauts)
 A = Elapsed time spent in this place.
 B = Non-inter-level travel time spent in this place.
 C = Inter-level travel time spent in this place.
 D = Time resting spent in this place.
 E = Time spent auto-exploring this place.
 F = Levels seen in this place.
 G = Mean time per level.
                   A        B        C        D        E       F      G
               +--------+--------+--------+--------+--------+-----+--------+
         Total |   2984 |   2926 |     58 |     64 |   2360 |   4 |  746.0 |
       Dungeon |   2984 |   2926 |     58 |     64 |   2360 |   4 |  746.0 |
               +--------+--------+--------+--------+--------+-----+--------+

Top non-repeatable levels by time:
     D:1: 1024 daAuts
     D:3: 831 daAuts
     D:4: 569 daAuts
     D:2: 558 daAuts
